cohdb
Replays
Latest Replays
All Replays
Popular Replays
Top Player Replays
Match Explorer
How It Works
Community
CoH3 Stats
Reddit
Sign in to upload your games and track your stats! →
Sign in with Steam
Match 39524659
Unlisted
Match 39524659
Overview
Messages
Build Orders
End
Kettenkrad Recon Vehicle
Construct Infanterie Kompanie
Selects Terror Battlegroup
Selects Machine Gun Camouflage
Grenadier Squad
MG 42 Machine Gun Team
Grenadier Squad
Construct Panzergrenadier Kompanie
Panzergrenadier Squad
Support Elements
Pak 40 Anti-tank Gun Team
Medical Station
StuG III G Assault Gun
Pioneer Squad
Nebelwerfer 42 Rocket Launcher Team
Selects Defend the Fatherland
StuG III G Assault Gun
Panzergrenadier Officer Quarters
StuG III G Assault Gun
Panzergrenadier Squad
StuG III G Assault Gun
Side Skirts
StuG III G Assault Gun
Panzergrenadier Squad
Selects King Tiger Heavy Tank
Selects Interrogate
BigTiddyLebron
kreumat
Teippis
Nyyppa
0
0
Comments
sign in to comment!
No comments posted yet!